 Dungeon Crawl Stone Soup version 0.23.2-1-ga50397a (webtiles) character file.

Game seed: 3205119797245431601

2644 kae the Martial Artist (level 9, -1/72 HPs)
             Began as a Demonspawn Transmuter on Apr 14, 2019.
             Slain by a two-headed ogre
             ... wielding a +0 giant spiked club
              (28 damage)
             ... on level 8 of the Dungeon.
             The game lasted 00:11:08 (9372 turns).

kae the Martial Artist (Demonspawn Transmuter)      Turns: 9372, Time: 00:11:09

Health: -1/72      AC:  2    Str: 11    XL:     9   Next: 35%
Magic:  9/12       EV: 25    Int: 14    God:
Gold:   596        SH:  0    Dex: 27    Spells: 6/12 levels left

rFire    . . .     SeeInvis .     - Unarmed
rCold    . . .     Gourm    +   (shield currently unavailable)
rNeg     . . .     Faith    .   (armour currently unavailable)
rPois    .         Spirit   .   (helmet currently unavailable)
rElec    .         Reflect  .   (cloak currently unavailable)
rCorr    .         Harm     .   (gloves currently unavailable)
MR       .....                  (boots currently unavailable)
Stlth    +++.......             n - amulet of the gourmand
HPRegen  0.22/turn              b - ring of poison resistance
MPRegen  0.13/turn              i - ring of wizardry

@: agile, spider-form (expiring), lightly drained
A: tiny
a: End Transformation


You were on level 8 of the Dungeon.
You were full.
You were a venomous arachnid creature.
You visited 1 branch of the dungeon, and saw 8 of its levels.

You collected 596 gold pieces.

Inventory:

Hand Weapons
 m - a +1 spear of flaming
 D - the +6 trident "Ebiskalu" (melded) {elec, Dex+5}
   (You found it on level 7 of the Dungeon)

   Occasionally, upon striking a foe, it will discharge some electrical energy
   and cause terrible harm.
   It affects your dexterity (+5).
Missiles
 a - 61 arrows
 l - a throwing net (quivered)
Armour
 q - a +0 pair of gloves (melded)
 r - the +1 robe of Perfidy (melded) {rCorr Int+3}
   (You found it on level 4 of the Dungeon)

   It affects your intelligence (+3).
   It provides partial protection from all sources of acid and corrosion.
 u - a +2 shield
 y - the +2 chain mail "Ruff" {Dex+3}
   (You found it on level 5 of the Dungeon)

   It affects your dexterity (+3).
Jewellery
 b - a ring of poison resistance (left front leg)
 i - a ring of wizardry (right front leg)
 n - an amulet of the gourmand (around neck)
 w - an uncursed ring of see invisible
 x - an uncursed ring of stealth
 A - a +2 ring of strength
Wands
 s - a wand of polymorph (4)
 E - a wand of enslavement (8)
Scrolls
 e - 5 scrolls of teleportation
 k - 7 scrolls of remove curse
 B - a scroll of magic mapping
 C - a scroll of fog
Potions
 f - 2 potions of lignification
 g - 3 potions of magic
 h - 5 potions of curing
 j - 3 potions of heal wounds
 o - 3 potions of degeneration
 p - a potion of invisibility
 t - a potion of flight {unknown}
 v - 2 potions of brilliance {unknown}
 z - a potion of cancellation {unknown}
Comestibles
 d - 9 rations


   Skills:
 + Level 7.0 Fighting
 - Level 1.7 Dodging
 * Level 9.5(9.4) Unarmed Combat
 - Level 2.0(1.9) Spellcasting
 + Level 3.9 Transmutations


You had 6 spell levels left.
You knew the following spells:

 Your Spells              Type           Power        Failure   Level  Hunger
a - Beastly Appendage     Tmut           ##....       6%          1    ##.....
b - Sticks to Snakes      Tmut           ##......     9%          2    ###....
c - Spider Form           Tmut/Pois      #.........   26%         3    ####...

Your spell library contained the following spells:

 Spells                   Type           Power        Failure   Level  Hunger
 Ice Form                 Ice/Tmut       #.......     54%         4    #####..
 Blade Hands              Tmut           ##........   63%         5    ######.


Dungeon Overview and Level Annotations

Branches:
Dungeon (8/15)             Temple (0/1) D:6
   Lair: D:8-11

Altars:
Ashenzari
Gozag
Makhleb
Ru
Uskayaw
Xom

Annotations:
D:7 exclusion: 2 doors
D:8 exclusion: two-headed ogre


Innate Abilities, Weirdness & Mutations

((You have razor-sharp toenails.))
((When seriously injured, your bleeding wounds create very thick armour. (AC +0)))


Message History

Casting: Spider Form (safe; 11% risk of failure)
Confirm with . or Enter, or press ? or * to list all spells.
You turn into a venomous arachnid creature.
The +6 trident "Ebiskalu" {elec, Dex+5} melds into your body.
Your +0 pair of gloves melds into your body.
The +1 robe of Perfidy {rCorr Int+3} melds into your body.
The +6 trident "Ebiskalu" {elec, Dex+5} stops crackling.
Your transformation is almost over.
You barely miss the two-headed ogre. You bite the two-headed ogre!
The two-headed ogre is poisoned.
The two-headed ogre is lightly wounded.
The two-headed ogre hits you with a +0 giant spiked club!! x2
You hit the two-headed ogre.
The two-headed ogre looks as sick as possible!
The two-headed ogre is moderately wounded.
You hit the two-headed ogre but do no damage.
The two-headed ogre looks as sick as possible!
The two-headed ogre is moderately wounded.
The two-headed ogre hits you with a +0 giant spiked club!!
You die...

#.....#.....'.........#.........
#.##.####...#.........#.##.###.#
##.##.#########'##....#####.###.#
..............#..#....#..........
.[.....<......#..#....#..........
......>.......#..#....#..........
..............#..#....#..........
#..##..#####'###O#....#########.#
##+##'##.......#s###........###.#
#......#.......'...#........#....
+......'.......#...#........#....
#+####+#.......#...'........####.
..............#...#.............
..............#...#########.....
..............#...........#.....
..............#...........#.....
..............###.####....#.....


You could see a two-headed ogre.

Vanquished Creatures
  2 hippogriffs (D:7)
  A hungry ghost (D:7)
  An ice beast (D:4)
  2 sky beasts
  2 orc warriors (D:6)
  5 ogres
  A big kobold (D:7)
  A bullfrog (D:6)
  A wyvern skeleton (D:6)
  2 scorpions (D:5)
  A wight (D:7)
  5 crimson imps
  A bullfrog zombie (D:8)
  3 hounds
  An orc priest (D:4)
  Crazy Yiuf (D:5)
  2 centaur skeletons
  A jelly (D:7)
  An iguana (D:7)
  3 orc wizards
  4 worker ants
  A killer bee zombie (D:7)
  2 worker ant zombies (D:5)
  A howler monkey skeleton (D:6)
  3 adders
  8 river rats (D:5)
  2 shadow imps
  2 adder skeletons
  A worm (D:3)
  A dart slug (D:1)
  3 leopard geckos
  9 orcs
  A ball python (D:3)
  4 giant cockroaches
  16 goblins
  12 hobgoblins
  A jackal (D:5)
  11 quokkas
  2 bats
  2 frilled lizards
  9 kobolds
  A leopard gecko skeleton (D:7)
  A quokka skeleton (D:6)
  23 rats
157 creatures vanquished.

Vanquished Creatures (collateral kills)
  An adder (D:2)
1 creature vanquished.

Grand Total: 158 creatures vanquished

Notes
Turn   | Place    | Note
-------+----------+-------------------------------------------
     0 | D:1      | kae the Demonspawn Transmuter began the quest for the Orb.
     0 | D:1      | Reached XP level 1. HP: 15/15 MP: 3/3
   308 | D:1      | Gained mutation: When seriously injured, your bleeding
                  | wounds create armour. (AC +0) [demonic ancestry]
   308 | D:1      | Reached XP level 2. HP: 17/21 MP: 5/5
   365 | D:1      | Learned a level 2 spell: Sticks to Snakes
  1360 | D:2      | Gained mutation: When seriously injured, your bleeding
                  | wounds create thick armour. (AC +0) [demonic ancestry]
  1360 | D:2      | Reached XP level 3. HP: 14/26 MP: 4/6
  1382 | D:2      | Learned a level 3 spell: Spider Form
  2191 | D:2      | Found a hide-covered altar of Uskayaw.
  2840 | D:3      | Found an opulent altar of Gozag.
  3124 | D:3      | Gained mutation: When seriously injured, your bleeding
                  | wounds create very thick armour. (AC +0) [demonic ancestry]
  3124 | D:3      | Reached XP level 4. HP: 32/32 MP: 3/7
  3732 | D:4      | Reached skill level 3 in Unarmed Combat
  3752 | D:4      | Noticed an ice beast
  3766 | D:4      | Killed an ice beast
  3766 | D:4      | Gained mutation: You have sharp toenails. [demonic
                  | ancestry]
  3766 | D:4      | Reached XP level 5. HP: 28/38 MP: 5/8
  3816 | D:4      | Reached skill level 4 in Unarmed Combat
  4089 | D:4      | Got a crude robe
  4100 | D:4      | Identified the +1 robe of Perfidy {rCorr Int+3} (You found
                  | it on level 4 of the Dungeon)
  4285 | D:4      | Gained mutation: You have razor-sharp toenails. [demonic
                  | ancestry]
  4285 | D:4      | Reached XP level 6. HP: 46/46 MP: 9/9
  4503 | D:5      | Entered Level 5 of the Dungeon
  4521 | D:5      | Found a burning altar of Makhleb.
  4521 | D:5      | Noticed a sky beast
  4543 | D:5      | Killed a sky beast
  4543 | D:5      | Reached skill level 5 in Unarmed Combat
  4922 | D:5      | Reached XP level 7. HP: 49/53 MP: 6/10
  5157 | D:5      | Reached skill level 6 in Unarmed Combat
  6008 | D:5      | Got a faintly glowing chain mail
  6306 | D:5      | Found a runed translucent door.
  6307 | D:5      | Noticed Crazy Yiuf
  6403 | D:5      | Killed Crazy Yiuf
  6403 | D:5      | Reached XP level 8. HP: 61/61 MP: 7/11
  6541 | D:6      | Found an opulent altar of Gozag.
  6603 | D:6      | Found a staircase to the Ecumenical Temple.
  6712 | D:6      | Reached skill level 5 in Fighting
  6712 | D:6      | Reached skill level 7 in Unarmed Combat
  6722 | D:6      | Found a shimmering altar of Xom.
  6722 | D:6      | Found a shimmering altar of Xom.
  6723 | D:6      | Found a shimmering altar of Xom.
  6726 | D:6      | Found a shimmering altar of Xom.
  6727 | D:6      | Found a shimmering altar of Xom.
  6728 | D:6      | Found a shimmering altar of Xom.
  6728 | D:6      | Found a shimmering altar of Xom.
  6728 | D:6      | Found a shimmering altar of Xom.
  6944 | D:6      | Found a shattered altar of Ashenzari.
  7152 | D:6      | Found a shimmering altar of Xom.
  7153 | D:6      | Found a shimmering altar of Xom.
  7156 | D:6      | Found a shimmering altar of Xom.
  7556 | D:7      | Identified the +2 chain mail "Ruff" {Dex+3} (You found it
                  | on level 5 of the Dungeon)
  7752 | D:7      | Reached skill level 8 in Unarmed Combat
  8166 | D:7      | Got a bloodstained trident
  8170 | D:7      | Identified the +6 trident "Ebiskalu" {elec, Dex+5} (You
                  | found it on level 7 of the Dungeon)
  8299 | D:7      | Reached XP level 9. HP: 71/71 MP: 12/12
  8327 | D:7      | Reached skill level 9 in Unarmed Combat
  8775 | D:7      | Identified a scroll of acquirement
  8977 | D:7      | Noticed a brown ugly thing
  9091 | D:8      | Found a sacrificial altar of Ru.
  9353 | D:8      | Noticed a two-headed ogre
  9372 | D:8      | Slain by a two-headed ogre

Skill      XL: |  1  2  3  4  5  6  7  8  9 |
---------------+----------------------------+-----
Transmutations | 2 3 |  3.9
Unarmed Combat | 3 4 5 6 8 9 |  9.5
Fighting       | 2 3 4 6 7 |  7.0
Dodging        | |  1.7
Spellcasting   | |  2.0

Action                   |  1- 3 |  4- 6 |  7- 9 || total
-------------------------+-------+-------+-------++-------
Melee: Unarmed           |   106 |    54 |   159 ||   319
       Kick              |     6 |    13 |    37 ||    56
       Headbutt          |     6 |     2 |     1 ||     9
       Spear             |    48 |    44 |   114 ||   206
       Punch             |     1 |       |     3 ||     4
       Trident           |       |       |    41 ||    41
 Cast: Beastly Appendage |    13 |     2 |     1 ||    16
       Spider Form       |     3 |     6 |    29 ||    38
       Sticks to Snakes  |     1 |       |       ||     1
  Use: Scroll            |     3 |     5 |    13 ||    21
       Potion            |       |       |     1 ||     1
 Stab: Sleeping          |     2 |     1 |     3 ||     6
       Distracted        |       |       |     2 ||     2
       Invisible         |       |       |     2 ||     2
       Paralysed         |       |       |     2 ||     2
  Eat: Chunk             |     6 |    11 |    20 ||    37
       Ration            |     1 |     1 |       ||     2
Armor: Robe              |    26 |     7 |    33 ||    66
       Skin              |     2 |     1 |     8 ||    11
Dodge: Dodged            |   107 |    59 |   164 ||   330
